 Dungeon Crawl Stone Soup version 0.28-a0-1524-ge72afd5fc6 (webtiles) character file.

Game seed: 2180670010599867695

74 bastard the Slasher (level 4, 0/33 HPs)
             Began as a Djinni Gladiator on Jan 17, 2022.
             Slain by a phantom (13 damage)
             ... on level 3 of the Dungeon.
             The game lasted 00:04:00 (2367 turns).

bastard the Slasher (Djinni Gladiator)              Turns: 2367, Time: 00:04:01

Health: 0/33       AC:  6    Str: 13    XL:     4   Next: 52%
Gold:   70         EV: 12    Int: 10    God:
                   SH:  0    Dex: 16

rFire   + + .      SeeInvis .   a - +0 long sword
rCold   x . .      Faith    .   c - orb {mayhem}
rNeg    . . .      Spirit   .   b - +0 leather armour
rPois   ∞          Reflect  .   e - +2 helmet
rElec   .          Harm     .   (no cloak)
rCorr   .          Rampage  .   (no gloves)
Will    .....                   (boots unavailable)
Stlth   +.........              (no amulet)
HPRegen 0.11/turn               (no ring)
MPRegen 0.00/turn               (no ring)

@: flying
A: sickness immunity, fire resistance 2, cold vulnerability 1, float, innate
caster, hp casting, extra vitality 1
a: no special abilities


You were on level 3 of the Dungeon.
You visited 1 branch of the dungeon, and saw 3 of its levels.

You collected 70 gold pieces.

Inventory:

Hand Weapons
 a - a +0 long sword (weapon)
Missiles
 d - 3 throwing nets (quivered)
Armour
 b - a +0 leather armour (worn)
 c - an orb of mayhem (worn)
 e - a +2 helmet (worn)
Scrolls
 f - 2 scrolls of teleportation


   Skills:
 - Level 2.0 Fighting
 + Level 4.5 Long Blades
 - Level 1.5 Throwing
 - Level 3.2 Dodging


You had 2 spell levels left.
You knew the following spells:

 Your Spells              Type           Power      Damage    Failure   Level
a - Sandblast             Erth           0%         2d4       43%         1
Your spell library was empty.

Dungeon Overview and Level Annotations

Branches:
Dungeon (3/15)

Altars:

Shops:
D:1 *


Innate Abilities, Weirdness & Mutations

You are immune to sickness and miasma.
You are immune to poison.
Your flesh is very heat resistant. (rF++)
You are vulnerable to cold. (rC-)
You float through the air rather than walking.
You learn spells naturally, not from books.
Your magical power is your life essence.
You have superior vitality. (+4 MHP)


Message History

h - a golden potion You now have 70 gold pieces (gained 8).
Found a scale mail.
As you read the scroll of identify, it crumbles to dust.
h - a potion of degeneration A ball python comes into view.
The ball python hisses angrily.
A phantom comes into view.
You drop a potion of degeneration.
The ball python bites you but does no damage.
The ball python closely misses you.
You hit the ball python but do no damage.
The ball python completely misses you. The ball python closely misses you.
You hit the ball python.
You kill the ball python!
The phantom flies into a frenzy!
You hit the phantom.
The phantom is lightly damaged.
The phantom hits you. The phantom hits you!
The phantom blinks!
You blink.
You hit the phantom.
The phantom is moderately damaged.
The phantom hits you but does no damage.
The phantom hits you!
The phantom blinks!
You blink.
You slash the phantom!
The phantom is heavily damaged.
The phantom hits you.
You are too injured to fight recklessly!
You are too injured to fight recklessly!
You are too injured to fight recklessly!
You are too injured to fight recklessly!
You are too injured to fight recklessly!
You are too injured to fight recklessly!
You are too injured to fight recklessly!
You are too injured to fight recklessly!
You are too injured to fight recklessly!
You are too injured to fight recklessly!
You slash the phantom!
The phantom is almost destroyed.
The phantom hits you. The phantom hits you!
You die...

..## ............#§#
.... #...........!.#
!.#.####....#...##..#
..#..##.........##..#
..##.##.........##.##
>.....#.........##§# ###
.................#.#....
...<.................#
................@..###
......#........W##.#
................##...
.#####.##(....#.####..#
..####.....#..#.# ..#
................. ..
#)####...........# . #.#
#..##.(#....## #.# #.#
#..######


You could see a neutral phantom (fast, strong, insane).

Vanquished Creatures
  An iguana (D:2)
  An adder (D:2)
  A worm (D:2)
  2 dart slugs
  7 ball pythons
  A bat (D:1)
  3 endoplasms
  2 giant cockroaches
  A hobgoblin (D:2)
  8 kobolds
  A quokka (D:2)
  4 frilled lizards
  A goblin (D:1)
  3 rats
36 creatures vanquished.

Vanquished Creatures (others)
  A plant (D:1)
1 creature vanquished.

Grand Total: 37 creatures vanquished

Notes
Turn   | Place    | Note
-------+----------+-------------------------------------------
     0 | D:1      | bastard the Djinni Gladiator began the quest for the Orb.
     0 | D:1      | Reached XP level 1. HP: 18/18 MP: 0/0
   169 | D:1      | Found Emaulan's Assorted Antiques.
   264 | D:1      | Reached skill level 3 in Long Blades
   384 | D:1      | Reached XP level 2. HP: 23/23 MP: 0/0
  1231 | D:2      | Reached skill level 4 in Long Blades
  1231 | D:2      | Reached XP level 3. HP: 18/28 MP: 0/0
  1231 | D:2      | Learned a level 1 spell: Sandblast
  1457 | D:2      | Reached XP level 4. HP: 33/33 MP: 0/0
  1940 | D:2      | Found a faded altar of an unknown god.
  2359 | D:3      | Noticed a phantom
  2367 | D:3      | Slain by a phantom

Illustrated notes

Levels and vault maps discovered:
D:1:      onia_arrival_mini_maze_b, layout_rooms, serial_forest,
          infiniplex_forest_lined_room_, infiniplex_forest_lined_3_way,
          infiniplex_forest_straight_3, infiniplex_forest_lined_2,
          infiniplex_forest_straight_4, infiniplex_forest_diagonal,
          infiniplex_forest_lined_1, serial_shops,
          nicolae_shop_advertising_works [nicolae_subvault_shop_adworks],
          minmay_misc_feat_secret_circle, chequers_big_river
D:2:      layout_loops_ring, shapermc_ecumenical_altar_hornbeckon,
          item_on_display_a
D:3:      layout_rooms, mainiacjoe_overflow_alcove_1, uniq_jessica

Skill      XL: |  1  2 |
---------------+-------+-----
Long Blades    | 3 4 |  4.5
Fighting       | |  2.0
Throwing       | |  1.5
Dodging        | |  3.2

Action                   |  1- 3 |  4- 6 || total
-------------------------+-------+-------++-------
Melee: Long sword        |    59 |    48 ||   107
       Punch             |     1 |       ||     1
  Use: Scroll            |     4 |     2 ||     6
 Stab: Sleeping          |       |     3 ||     3
Armor: Leather armour    |    14 |    14 ||    28
Dodge: Dodged            |    33 |    25 ||    58

Table legend: (Time is in decaauts)
 A = Elapsed time spent in this place.
 B = Non-inter-level travel time spent in this place.
 C = Inter-level travel time spent in this place.
 D = Time resting spent in this place.
 E = Time spent auto-exploring this place.
 F = Levels seen in this place.
 G = Mean time per level.
                   A        B        C        D        E       F      G
               +--------+--------+--------+--------+--------+-----+--------+
         Total |   2389 |   2312 |     77 |      0 |   1961 |   3 |  796.3 |
       Dungeon |   2389 |   2312 |     77 |      0 |   1961 |   3 |  796.3 |
               +--------+--------+--------+--------+--------+-----+--------+

Top non-repeatable levels by time:
     D:2: 1169 daAuts
     D:1: 1134 daAuts
     D:3: 85 daAuts
